 Dungeon Crawl Stone Soup version 0.27.1-3-gb3d3a73c9e (webtiles) character file.

Game seed: 6596463848011137050

6677 unlimited1921 the Magician (level 11, -2/81 HPs)
             Began as a Gnoll Fire Elementalist on Oct 23, 2021.
             Slain by an orc warrior (4 damage)
             ... led by an orc knight
             ... on level 1 of the Orcish Mines.
             The game lasted 01:57:46 (20024 turns).

unlimited1921 the Magician (GnFE)                  Turns: 20024, Time: 01:57:47

Health: -2/81      AC: 10    Str: 10    XL:     11   Next: 3%
Magic:  10/22      EV: 16    Int: 16    God:
Gold:   458        SH:  0    Dex: 12    Spells: 11/25 levels left

rFire    + . .     SeeInvis .   N - +3 quarterstaff (spect)
rCold    . . .     Faith    .   (shield currently unavailable)
rNeg     . . .     Spirit   .   p - +2 ring mail {rF+}
rPois    .         Reflect  .   (no helmet)
rElec    .         Harm     .   (no cloak)
rCorr    .         Rampage  .   v - +0 pair of gloves
Will     .....                  g - +0 pair of boots
Stlth    +++.......             (no amulet)
HPRegen  0.23/turn              m - ring of flight
MPRegen  0.18/turn              U - +4 ring of evasion

@: flying
A: fangs 1, strong nose, distributed training
a: no special abilities


You were on level 1 of the Orcish Mines.
You visited 2 branches of the dungeon, and saw 10 of its levels.

You collected 458 gold pieces.

Inventory:

Hand Weapons
 y - a +2 whip of freezing
 H - a +1 scimitar
 K - a +5 battleaxe
 L - a +4 great sword
 N - a +3 spectral quarterstaff (weapon)
 T - a +3 trident of freezing
 Z - a +2 hunting sling of freezing
Missiles
 D - 2 throwing nets
 M - 4 boomerangs
 X - 14 poisoned darts
Armour
 g - a +0 pair of boots (worn)
 i - a +0 chain mail
 n - a +0 kite shield
 p - a +2 ring mail of fire resistance (worn)
 v - a +0 pair of gloves (worn)
Jewellery
 m - a ring of flight (left hand)
 U - a +4 ring of evasion (right hand)
Wands
 r - a wand of iceblast (7)
 s - a wand of acid (11)
 w - a wand of paralysis (20)
 A - a wand of polymorph (5)
 C - a wand of charming (6) (quivered)
 S - a wand of digging (11)
 Y - a wand of flame (7)
Scrolls
 a - a scroll of holy word {unknown}
 b - 3 scrolls of fear {unknown}
 d - a scroll of silence
 e - 2 scrolls of noise
 k - 5 scrolls of teleportation
 l - 2 scrolls of acquirement
 o - a scroll of immolation {unknown}
 u - 2 scrolls of blinking
 E - a scroll of fog
 F - a scroll of amnesia {unknown}
 G - a scroll of magic mapping
Potions
 c - 4 potions of curing
 f - a potion of haste
 h - a potion of heal wounds
 j - 3 potions of resistance
 q - 3 potions of attraction
 t - a potion of magic {unknown}
 x - a potion of flight
 z - a potion of might {unknown}
 B - a potion of invisibility
 P - a potion of brilliance
 R - a potion of lignification {unknown}


   Skills:
 + Level 5.8 Fighting
 + Level 5.8 Short Blades
 + Level 5.8 Long Blades
 + Level 5.8 Axes
 + Level 5.8 Maces & Flails
 + Level 5.8 Polearms
 + Level 5.8 Staves
 + Level 5.8 Slings
 + Level 5.8 Bows
 + Level 5.8 Crossbows
 + Level 5.8 Throwing
 + Level 5.8 Armour
 + Level 7.5 Dodging
 + Level 7.3 Stealth
 + Level 5.8 Shields
 + Level 5.8 Unarmed Combat
 + Level 7.8 Spellcasting
 + Level 5.3 Conjurations
 + Level 4.8 Hexes
 + Level 4.8 Summonings
 + Level 4.8 Necromancy
 + Level 4.8 Translocations
 + Level 4.8 Transmutations
 + Level 7.4 Fire Magic
 + Level 4.8 Ice Magic
 + Level 4.8 Air Magic
 + Level 4.8 Earth Magic
 + Level 4.8 Poison Magic
 + Level 6.4 Invocations
 + Level 5.8 Evocations


You had 11 spell levels left.
You knew the following spells:

 Your Spells              Type           Power      Damage    Failure   Level
a - Foxfire               Conj/Fire      100%       2x1d9     1%          1
b - Inner Flame           Hex/Fire       25%        N/A       6%          3
c - Conjure Flame         Conj/Fire      26%        6-21      5%          3
d - Portal Projectile     Hex/Tloc       42%        N/A       11%         3
e - Blink                 Tloc           N/A        N/A       5%          2
f - Poisonous Vapours     Pois/Air       42%        N/A       5%          2

Your spell library contained the following spells:

 Spells                   Type           Power      Damage    Failure   Level
 Sting                    Tmut/Pois      84%        1d7       3%          1
 Lesser Beckoning         Tloc           10%        N/A       11%         3
 Sticky Flame             Conj/Fire      26%        2d5       19%         4
 Olgreb's Toxic Radiance  Pois           21%        N/A       34%         4
 Fireball                 Conj/Fire      13%        3d7       45%         5
 Blade Hands              Tmut           10%        N/A       69%         5
 Excruciating Wounds      Necr           10%        N/A       69%         5
 Manifold Assault         Tloc           21%        N/A       69%         5


Dungeon Overview and Level Annotations

Branches:
Dungeon (9/15)             Temple (0/1) D:5             Orc (1/2) D:9
   Lair: D:8-11

Altars:
Ashenzari
Elyvilon
Fedhas
Hepliaklqana
Qazlal
Ru
Trog
Uskayaw
Vehumet
Wu Jian
Xom
Zin

Shops:
D:5 (   D:7 [


Innate Abilities, Weirdness & Mutations

You have very sharp teeth.
Your uncanny sense of smell can sniff out nearby items.
Your experience applies equally to all skills.


Message History

Casting: Inner Flame (dangerous; 6% risk of failure)
Confirm with . or Enter, or press ? or * to list all spells.
Aiming: Poisonous Vapours (safe; 5% risk of failure)
Press: ? - help, Dir - move target, f/p - orc warrior
Aim: an orc warrior, wielding a +0 trident and wearing a +0 plate armour (inner flame, strong) Poisonous vapours surround the orc warrior!
The orc warrior is poisoned.
The orc priest calls down the wrath of Beogh upon you.
Beogh smites you! The orc warrior closely misses you.
The orc warrior hits you with a +0 battleaxe!
* * * LOW HITPOINT WARNING * * *
The orc closely misses you.
You feel much better.
The orc priest looks satisfied for a moment.
The orc warrior misses you.
The orc warrior hits you with a +0 battleaxe!
The orc misses you. The orc hits you with a +0 dagger.
You are too injured to fight recklessly!
Casting: Poisonous Vapours (safe; 5% risk of failure)
Confirm with . or Enter, or press ? or * to list all spells.
Okay, then.
Unknown command.
Casting: Poisonous Vapours (safe; 5% risk of failure)
Confirm with . or Enter, or press ? or * to list all spells.
Aiming: Poisonous Vapours (safe; 5% risk of failure)
Press: ? - help, Dir - move target, f/p - orc warrior
Aim: an orc warrior, wielding a +0 trident and wearing a +0 plate armour (inner flame, strong, poisoned) Poisonous vapours surround the orc warrior!
The orc warrior looks even sicker.
The orc priest invokes the aid of Beogh against you.
Beogh smites you!
* * * LOW HITPOINT WARNING * * *
The orc warrior closely misses you. x3; The orc misses you.
The orc hits you but does no damage.
You can't go up here!
The orc warrior hits you from afar with a +0 trident!
* * * LOW HITPOINT WARNING * * *
The orc knight is engulfed in blazing flames.
The orc warrior hits you from afar with a +0 halberd.
You die...

...## ####......
.....##.#.......
.#.........$$....
..#..............
................
#...........##.
#....)§○......
...#...o.)☼..$...
......o@oo○o....#
##......oooo.#...
###.#...o.......
# #...O.......
#..#........
....#.....#.
##>.# .....# ####
......


You could see an orc knight, 3 orc warriors, an ogre, an orc priest (strong) and
5 orcs.

Vanquished Creatures
  A two-headed ogre (D:8)
  Pikel (D:3)
  Joseph (D:8)
  Maggie (D:7)
  A wyvern (D:7)
  5 yaks (D:9)
  Grum (D:8)
  A steam dragon (D:8)
  A warg (Orc:1)
  A water moccasin (D:8)
  3 ice beasts
  Purgy (D:3)
  2 sky beasts
  4 orc warriors
  2 black bears
  2 wolves (D:8)
  An ogre (D:4)
  A centaur (D:9)
  A necrophage (D:6)
  A lemure (D:4)
  A phantom (D:5)
  A wyvern zombie (D:7)
  2 bullfrogs
  3 scorpions
  A wyvern skeleton (D:6)
  A water moccasin skeleton (D:5)
  15 wights
  3 centaur zombies
  3 orc priests
  2 gnoll shamans
  2 hounds
  A centaur skeleton (D:4)
  3 iguanas
  Ijyb (D:4)
  7 orc wizards
  2 hound skeletons
  2 howler monkey zombies (D:9)
  12 gnolls
  7 adders
  5 shadow imps
  A white imp (D:7)
  A worm (D:2)
  2 dart slugs (D:1)
  19 orcs
  8 endoplasms
  4 giant cockroaches
  12 goblins
  5 hobgoblins
  12 jackals
  7 kobolds
  4 quokkas
  12 ball pythons
  5 bats
  2 frilled lizards (D:2)
  A quokka skeleton (D:4)
  4 rats
205 creatures vanquished.

Vanquished Creatures (collateral kills)
  An orc priest (Orc:1)
  4 foxfires (D:3)
5 creatures vanquished.

Vanquished Creatures (others)
  An orc (Orc:1)
  664 foxfires
  11 plants
676 creatures vanquished.

Grand Total: 886 creatures vanquished

Notes
Turn   | Place    | Note
-------+----------+-------------------------------------------
     0 | D:1      | unlimited1921 the Gnoll Fire Elementalist began the quest
                  | for the Orb.
     0 | D:1      | Reached XP level 1. HP: 13/13 MP: 6/6
   330 | D:1      | Reached XP level 2. HP: 19/19 MP: 0/7
   715 | D:1      | Found a faded altar of an unknown god.
   750 | D:1      | HP: 1/20 [jackal (2)]
  1362 | D:1      | Reached XP level 3. HP: 25/25 MP: 3/9
  1364 | D:1      | Reached skill level 5 in Spellcasting
  2344 | D:1      | Reached skill level 1 in Invocations
  2864 | D:2      | Found a hide-covered altar of Uskayaw.
  3271 | D:2      | Reached skill level 1 in Fighting
  3271 | D:2      | Reached skill level 1 in Short Blades
  3271 | D:2      | Reached skill level 1 in Long Blades
  3271 | D:2      | Reached skill level 1 in Axes
  3271 | D:2      | Reached skill level 1 in Maces & Flails
  3271 | D:2      | Reached skill level 1 in Polearms
  3271 | D:2      | Reached skill level 1 in Staves
  3271 | D:2      | Reached skill level 1 in Slings
  3271 | D:2      | Reached skill level 1 in Bows
  3271 | D:2      | Reached skill level 1 in Crossbows
  3271 | D:2      | Reached skill level 1 in Throwing
  3271 | D:2      | Reached skill level 1 in Armour
  3271 | D:2      | Reached skill level 1 in Shields
  3271 | D:2      | Reached skill level 1 in Unarmed Combat
  3271 | D:2      | Reached skill level 1 in Evocations
  3271 | D:2      | Reached XP level 4. HP: 31/32 MP: 7/11
  4230 | D:2      | Reached skill level 1 in Hexes
  4230 | D:2      | Reached skill level 1 in Summonings
  4230 | D:2      | Reached skill level 1 in Necromancy
  4230 | D:2      | Reached skill level 1 in Translocations
  4230 | D:2      | Reached skill level 1 in Transmutations
  4230 | D:2      | Reached skill level 1 in Ice Magic
  4230 | D:2      | Reached skill level 1 in Air Magic
  4230 | D:2      | Reached skill level 1 in Earth Magic
  4230 | D:2      | Reached skill level 1 in Poison Magic
  5105 | D:3      | Reached XP level 5. HP: 37/37 MP: 8/12
  6396 | D:3      | Noticed Purgy
  6409 | D:3      | Killed Purgy
  6410 | D:3      | Reached XP level 6. HP: 27/44 MP: 4/13
  7087 | D:3      | Found a transporter.
  7638 | D:3      | Found a transporter.
  8201 | D:3      | Found a bloodstained altar of Trog.
  8288 | D:3      | Identified a scroll of acquirement
  8326 | D:3      | Reached skill level 5 in Dodging
  8506 | D:4      | Reached XP level 7. HP: 50/50 MP: 8/15
  9667 | D:4      | Noticed Ijyb
  9681 | D:4      | Paralysed by Ijyb for 3 turns
  9688 | D:4      | Killed Ijyb
 10171 | D:4      | Noticed Pikel
 10221 | D:3      | Killed Pikel
 10222 | D:3      | Reached skill level 5 in Stealth
 10222 | D:3      | Reached XP level 8. HP: 41/58 MP: 7/16
 10451 | D:4      | Learned a level 3 spell: Inner Flame
 10455 | D:4      | Learned a level 3 spell: Conjure Flame
 10459 | D:4      | Learned a level 3 spell: Portal Projectile
 10969 | D:5      | Entered Level 5 of the Dungeon
 12076 | D:5      | Reached XP level 9. HP: 29/65 MP: 10/18
 12575 | D:5      | Found Zerphez's Antique Weapon Emporium.
 12751 | D:5      | Found a staircase to the Ecumenical Temple.
 15227 | D:6      | Reached skill level 5 in Invocations
 15387 | D:6      | Found a blossoming altar of Fedhas.
 15387 | D:6      | Found a hazy altar of Hepliaklqana.
 15601 | D:7      | Found Ohewuid's Antique Armour Emporium.
 15658 | D:7      | Learned a level 2 spell: Blink
 15661 | D:7      | Learned a level 2 spell: Poisonous Vapours
 15783 | D:7      | Found an ornate altar of the Wu Jian Council.
 15814 | D:7      | Noticed Maggie
 15875 | D:7      | Killed Maggie
 16150 | D:7      | Reached XP level 10. HP: 70/73 MP: 20/20
 17014 | D:8      | Noticed a two-headed ogre
 17016 | D:8      | Found a white marble altar of Elyvilon.
 17028 | D:8      | Killed a two-headed ogre
 17029 | D:8      | Reached skill level 5 in Fighting
 17029 | D:8      | Reached skill level 5 in Short Blades
 17029 | D:8      | Reached skill level 5 in Long Blades
 17029 | D:8      | Reached skill level 5 in Axes
 17029 | D:8      | Reached skill level 5 in Maces & Flails
 17029 | D:8      | Reached skill level 5 in Polearms
 17029 | D:8      | Reached skill level 5 in Staves
 17029 | D:8      | Reached skill level 5 in Slings
 17029 | D:8      | Reached skill level 5 in Bows
 17029 | D:8      | Reached skill level 5 in Crossbows
 17029 | D:8      | Reached skill level 5 in Throwing
 17029 | D:8      | Reached skill level 5 in Armour
 17029 | D:8      | Reached skill level 5 in Shields
 17029 | D:8      | Reached skill level 5 in Unarmed Combat
 17029 | D:8      | Reached skill level 5 in Evocations
 17664 | D:8      | Found a stormy altar of Qazlal.
 17665 | D:8      | Found a hide-covered altar of Uskayaw.
 17667 | D:8      | Found a shimmering altar of Xom.
 17667 | D:8      | Found a glowing silver altar of Zin.
 17669 | D:8      | Found a radiant altar of Vehumet.
 17669 | D:8      | Found a broken altar of Ashenzari.
 17670 | D:8      | Found a sacrificial altar of Ru.
 17763 | D:8      | Noticed Joseph
 18045 | D:8      | Killed Joseph
 18285 | D:8      | Reached skill level 5 in Conjurations
 18676 | D:8      | Noticed Grum
 18687 | D:8      | Killed Grum
 19900 | D:9      | Found a staircase to the Orcish Mines.
 20008 | Orc:1    | Entered Level 1 of the Orcish Mines
 20013 | Orc:1    | Noticed an orc knight
 20016 | Orc:1    | Reached XP level 11. HP: 53/81 MP: 18/22
 20024 | Orc:1    | HP: 2/81 [orc warrior (17)]
 20024 | Orc:1    | Slain by an orc warrior

Illustrated notes

Levels and vault maps discovered:
D:1:      minmay_arrival_hallway, layout_rooms, basic_ecumenical_altar,
          palyth_stone_intersect, minmay_small_reverse_x
D:2:      layout_loops_corners, basic_altar
D:3:      gammafunk_wand_slinger, layout_basic, lightli_temple_of_fire,
          corexii_leaking_fountain, chequers_serial_rivers_marsh, uniq_purgy
D:4:      layout_basic, st_stairs_11, abandoned_shop, uniq_pikel, uniq_ijyb
D:5:      layout_loops_corners, minmay_temple_entry_gardened_gates,
          serial_park_tiny_pond, nicolae_take_the_stairs
D:6:      layout_cave_pools, gammafunk_temple_overflow_wave
D:7:      layout_loops_cross, mainiacjoe_overflow_tiny_flanked, serial_shops,
          nicolae_square_shop, skrybe_limestone_x, uniq_maggie
D:8:      layout_gridville, grunt_temple_overflow_open, minmay_misc_feat_tower,
          uniq_joseph, uniq_grum
D:9:      layout_rooms, orc_0_dummy
Orc:1:    layout_caves, roderic_batcave, mines3_lemuel

Skill      XL: |  1  2  3  4  5  6  7  8  9 10 |
---------------+-------------------------------+-----
Conjurations   | 2 3 4 5 |  5.3
Spellcasting   | 5 6 7 |  7.8
Invocations    | 1 2 3 4 5 6 |  6.4
Fighting       | 1 2 3 4 5 |  5.8
Short Blades   | 1 2 3 4 5 |  5.8
Long Blades    | 1 2 3 4 5 |  5.8
Axes           | 1 2 3 4 5 |  5.8
Maces & Flails | 1 2 3 4 5 |  5.8
Polearms       | 1 2 3 4 5 |  5.8
Staves         | 1 2 3 4 5 |  5.8
Slings         | 1 2 3 4 5 |  5.8
Bows           | 1 2 3 4 5 |  5.8
Crossbows      | 1 2 3 4 5 |  5.8
Throwing       | 1 2 3 4 5 |  5.8
Armour         | 1 2 3 4 5 |  5.8
Shields        | 1 2 3 4 5 |  5.8
Unarmed Combat | 1 2 3 4 5 |  5.8
Evocations     | 1 2 3 4 5 |  5.8
Hexes          | 1 2 3 4 |  4.8
Summonings     | 1 2 3 4 |  4.8
Necromancy     | 1 2 3 4 |  4.8
Translocations | 1 2 3 4 |  4.8
Transmutations | 1 2 3 4 |  4.8
Ice Magic      | 1 2 3 4 |  4.8
Air Magic      | 1 2 3 4 |  4.8
Earth Magic    | 1 2 3 4 |  4.8
Poison Magic   | 1 2 3 4 |  4.8
Dodging        | 5 6 7 |  7.5
Stealth        | 5 6 7 |  7.3
Fire Magic     | 6 7 |  7.4

Action                   |  1- 3 |  4- 6 |  7- 9 | 10-12 || total
-------------------------+-------+-------+-------+-------++-------
Melee: Club              |     2 |       |       |       ||     2
       Short sword       |       |    36 |    24 |       ||    60
       Bite              |       |     4 |     9 |     7 ||    20
       Halberd           |       |       |    33 |       ||    33
       Quarterstaff      |       |       |    28 |   102 ||   130
       Battleaxe         |       |       |    14 |       ||    14
 Cast: Foxfire           |    73 |   112 |   201 |    11 ||   397
       Conjure Flame     |       |       |    16 |     3 ||    19
       Inner Flame       |       |       |     3 |     7 ||    10
       Poisonous Vapours |       |       |     6 |    14 ||    20
       Portal Projectile |       |       |     3 |     1 ||     4
Evoke: Wand              |       |       |     5 |     6 ||    11
  Use: Scroll            |       |     6 |     8 |       ||    14
       Potion            |       |     1 |     6 |     5 ||    12
 Stab: Sleeping          |       |       |     1 |     1 ||     2
       Distracted        |       |       |       |     2 ||     2
       Paralysed         |       |       |       |     1 ||     1
Armor: Robe              |     2 |       |       |       ||     2
       Leather armour    |     1 |    13 |       |       ||    14
       Troll leather arm |       |     3 |    15 |       ||    18
       Ring mail         |       |       |       |    12 ||    12
       Acid dragon scale |       |       |       |     7 ||     7
       Skin              |       |       |       |     1 ||     1
Dodge: Dodged            |    26 |    19 |    78 |    96 ||   219
